 Dungeon Crawl Stone Soup version 0.22-a0-282-gdd34a7d (webtiles) character file.

1150 Amnesiac the Ducker (level 8, -1/48 HPs)
             Began as a Tengu Air Elementalist on Mar 17, 2018.
             Was a Follower of Sif Muna.
             Slain by a hippogriff (6 damage)
             ... on level 5 of the Dungeon.
             The game lasted 00:06:50 (5860 turns).

Amnesiac the Ducker (Tengu Air Elementalist)        Turns: 5860, Time: 00:06:51

Health: -1/48      AC:  3    Str:  8    XL:     8   Next: 38%
Magic:  10/16      EV: 15    Int: 18    God:    Sif Muna [*.....]
Gold:   231        SH:  0    Dex: 15    Spells: 4/17 levels left

rFire    . . .     SeeInvis .   b - +2 short sword (venom)
rCold    . . .     Gourm    .   (no shield)
rNeg     . . .     Faith    .   a - +0 robe
rPois    .         Spirit   .   (helmet restricted)
rElec    .         Reflect  .   t - +0 cloak
rCorr    .         Harm     .   (no gloves)
MR       .....                  (boots unavailable)
Stlth    ++........             (no amulet)
HPRegen  0.16/turn              (no ring)
MPRegen  0.15/turn              (no ring)

@: no status effects
A: beak, talons 3, able to fly 1
a: Fly, Divine Energy, Renounce Religion


You were on level 5 of the Dungeon.
You worshipped Sif Muna.
Sif Muna was aware of your devotion.
You were not hungry.

You visited 2 branches of the dungeon, and saw 6 of its levels.

You collected 231 gold pieces.

Inventory:

Hand Weapons
 b - a +2 short sword of venom (weapon)
Armour
 a - a +0 robe (worn)
 t - a +0 cloak (worn)
Jewellery
 u - a cursed ring of teleportation {unknown}
 v - a +5 ring of intelligence {unknown}
Wands
 w - a wand of random effects (24)
 x - a wand of iceblast (8)
Scrolls
 e - 4 scrolls of identify {!r, unknown}
 f - 4 scrolls of teleportation {!r, unknown}
 j - 5 scrolls of remove curse {!r, unknown}
 k - 2 scrolls of random uselessness {!r, unknown}
 m - 3 scrolls of magic mapping {!r, unknown}
 n - a scroll of noise {!r, unknown}
 q - a scroll of amnesia {!r, unknown}
Potions
 d - 3 potions of lignification {!q, unknown}
 g - a potion of cancellation {!q, unknown}
 h - a potion of mutation {!q, unknown}
 i - a potion of invisibility {!q, unknown}
 l - 2 potions of curing {!q, unknown}
 o - a potion of degeneration {!q, unknown}
 p - 2 potions of flight {!q, unknown}
 r - a potion of agility {!q, unknown}
 s - a potion of heal wounds {!q, unknown}
Comestibles
 c - 3 rations


   Skills:
 - Level 4.7 Fighting
 - Level 5.3 Dodging
 - Level 2.0 Stealth
 * Level 5.0 Spellcasting
 + Level 5.2 Conjurations
 - Level 5.3 Air Magic


You had 4 spell levels left.
You knew the following spells:

 Your Spells              Type           Power        Failure   Level  Hunger
a - Shock                 Conj/Air       ###.         1%          1    None
b - Static Discharge      Conj/Air       ###.....     4%          3    ##.....
c - Lightning Bolt        Conj/Air       ###.......   38%         5    ######.
d - Airstrike             Air            ###.......   14%         4    ####...


Dungeon Overview and Level Annotations

Branches:
Dungeon (5/15)             Temple (1/1) D:4

Altars:
Ashenzari
Cheibriados
Dithmenos
Gozag
Hepliaklqana
Kikubaaqudgha
Nemelex Xobeh
Okawaru
Qazlal
Ru
Sif Muna
Trog
Uskayaw
Vehumet
Wu Jian
Xom
Yredelemnul
Zin
Lugonu

Shops:
D:4 }


Innate Abilities, Weirdness & Mutations

You have a beak for a mouth.
You have claws for feet.
You can fly.


Message History

Confirm with . or Enter, or press ? or * to list all spells.
Aiming: Airstrike (safe; 14% risk of failure)
Press: ? - help, Dir - move target cursor, f - mummy
Aim: a mummy (resting)
The air twists around and strikes the mummy!
The mummy is heavily damaged.
Casting: Airstrike (safe; 14% risk of failure)
Confirm with . or Enter, or press ? or * to list all spells.
Aiming: Airstrike (safe; 14% risk of failure)
Press: ? - help, Dir - move target cursor, f/p - mummy
Aim: a mummy (heavily damaged)
The air twists around and strikes the mummy!
You destroy the mummy!
Sif Muna accepts your kill.
Found an escape hatch in the floor.
You open the door.
Found a stone staircase leading down.
There is an open door here.
There is a stone staircase leading down here.
Found an escape hatch in the ceiling.
Casting: Airstrike (safe; 14% risk of failure)
Confirm with . or Enter, or press ? or * to list all spells.
You can't see any susceptible monsters within range! (Use Z to cast anyway.)
There is an escape hatch in the floor here.
A hippogriff comes into view.
The hippogriff screeches!
The hippogriff bites you. The hippogriff pecks you.
The hippogriff barely misses you.
Casting: Airstrike (safe; 14% risk of failure)
Confirm with . or Enter, or press ? or * to list all spells.
Aiming: Shock (safe; 1% risk of failure)
Press: ? - help, Shift-Dir - straight line The zap hits the hippogriff.
The hippogriff is lightly wounded.
The zap hits the hippogriff.
The hippogriff is moderately wounded.
The hippogriff bites you! The hippogriff pecks you.
* * * LOW HITPOINT WARNING * * *
The hippogriff claws you.
* * * LOW HITPOINT WARNING * * *
A hippogriff is nearby!
Casting: Shock (safe; 1% risk of failure)
Confirm with . or Enter, or press ? or * to list all spells.
Aiming: Shock (safe; 1% risk of failure)
Press: ? - help, Shift-Dir - straight line The zap hits the hippogriff.
The hippogriff is heavily wounded.
The zap hits the hippogriff.
The hippogriff appears unharmed.
The hippogriff is heavily wounded.
The hippogriff bites you.
* * * LOW HITPOINT WARNING * * *
The hippogriff misses you. x2
A hippogriff is nearby!
Casting: Shock (safe; 1% risk of failure)
Confirm with . or Enter, or press ? or * to list all spells.
Aiming: Airstrike (safe; 14% risk of failure)
Press: ? - help, Dir - move target cursor, f - hippogriff
Aim: a hippogriff (heavily wounded)
The air twists around and violently strikes the hippogriff!
The hippogriff is severely wounded.
The hippogriff bites you!
* * * LOW HITPOINT WARNING * * *
The hippogriff closely misses you. The hippogriff claws you.
You die...

#........#.......######
#........#...........#.
####################.##
#... ## ### ########.##
#.# #.# #.#.#.#..##
#.#.#.#.#.#.#.#..#
##.###.###.###...#
#@#.#.#.#.#.#.#..#
#H#.#.#.#.#.#.#....
################..#
#... ######..#
........# ####.....
#....... ####.#..##.


You could see a hippogriff.

Vanquished Creatures
  Sigmund (D:5)
  Edmund (D:5)
  A sky beast (D:5)
  The ghost of Arum the Magician, an amateur DsVM (D:3)
  Blork the orc (D:4)
  A scorpion (D:3)
  3 crimson imps (D:5)
  3 hounds
  A jelly (D:5)
  A bullfrog skeleton (D:5)
  A centaur skeleton (D:5)
  4 worker ants
  A hound skeleton (D:5)
  A mummy (D:5)
  A worker ant zombie (D:5)
  6 adders
  4 gnolls (D:4)
  A shadow imp (D:5)
  An ooze (D:4)
  An adder skeleton (D:5)
  A worm (D:3)
  A dart slug (D:2)
  3 leopard geckos
  6 orcs
  11 bats
  7 giant cockroaches
  4 goblins
  5 hobgoblins
  3 jackals (D:3)
  7 kobolds
  2 quokkas
  5 frilled lizards
  A leopard gecko skeleton (D:4)
  7 rats
98 creatures vanquished.

Notes
Turn   | Place    | Note
-------+----------+-------------------------------------------
     0 | D:1      | Amnesiac the Tengu Air Elementalist began the quest for the Orb.
     0 | D:1      | Reached XP level 1. HP: 10/10 MP: 4/4
    60 | D:1      | Reached skill level 1 in Fighting
   209 | D:1      | Reached XP level 2. HP: 16/16 MP: 4/6
   607 | D:1      | Reached XP level 3. HP: 16/21 MP: 1/7
   612 | D:1      | Learned a level 3 spell: Static Discharge
  1082 | D:2      | Reached XP level 4. HP: 2/27 MP: 6/8
  1931 | D:2      | Found a shattered altar of Ashenzari.
  2219 | D:3      | Found an iron altar of Okawaru.
  2430 | D:3      | Gained mutation: You can fly. [Tengu growth]
  2430 | D:3      | Reached XP level 5. HP: 20/32 MP: 9/9
  2436 | D:3      | Learned a level 4 spell: Airstrike
  2603 | D:3      | Found a basalt altar of Yredelemnul.
  2776 | D:3      | Found a shimmering altar of Xom.
  2777 | D:3      | Found a hazy altar of Hepliaklqana.
  2777 | D:3      | Noticed a caustic shrike
  2778 | D:3      | Noticed a caustic shrike
  2778 | D:3      | Noticed a spectral ugly thing
  3010 | D:3      | Noticed Arum's ghost (amateur DsVM)
  3026 | D:3      | Killed Arum's ghost
  3179 | D:4      | Found Godutak's Gadget Boutique.
  3199 | D:3      | Reached XP level 6. HP: 15/38 MP: 6/10
  3503 | D:4      | Found a stormy altar of Qazlal.
  3559 | D:4      | Found a radiant altar of Vehumet.
  3758 | D:4      | Found a staircase to the Ecumenical Temple.
  3768 | Temple   | Entered the Ecumenical Temple
  3968 | D:4      | Reached skill level 5 in Dodging
  3986 | D:4      | Reached XP level 7. HP: 20/44 MP: 0/11
  4242 | D:4      | Noticed Blork the orc
  4256 | D:4      | Killed Blork the orc
  4478 | D:4      | Found a deep blue altar of Sif Muna.
  4598 | D:4      | Became a worshipper of Sif Muna the Loreminder
  4634 | D:5      | Entered Level 5 of the Dungeon
  4915 | D:5      | Found a hide-covered altar of Uskayaw.
  5166 | D:5      | Noticed Edmund
  5175 | D:5      | Learned a level 5 spell: Lightning Bolt
  5223 | D:5      | Killed Edmund
  5345 | D:5      | Reached XP level 8. HP: 48/48 MP: 2/15
  5443 | D:5      | Reached * piety under Sif Muna
  5506 | D:5      | Found an opulent altar of Gozag.
  5690 | D:5      | Noticed Sigmund
  5701 | D:5      | Killed Sigmund
  5701 | D:5      | Reached skill level 5 in Spellcasting
  5701 | D:5      | Reached skill level 5 in Air Magic
  5774 | D:5      | Reached skill level 5 in Conjurations
  5783 | D:5      | Found a snail-covered altar of Cheibriados.
  5857 | D:5      | Noticed a hippogriff
  5860 | D:5      | Slain by a hippogriff

Vault maps used:
D:1:      dpeg_arrival_fog
D:2:      evilmike_ruin_ashenzari, first_ration
D:3:      regret_index_temple_of_mockery, overflow_temple_1_default,
          minmay_misc_feat_encased, kennysheep_flooded_box,
          kennysheep_generic_room_5
D:4:      kennysheep_mini, grunt_qazlal_sundering, marbit_many_paths,
          minmay_temple_entry_enclosed_plants, serial_shops, shop,
          uniq_blork_the_orc
D:5:      kennysheep_mini_moat, grunt_gozag_breadcrumbs, slow_altar_1,
          roderic_roman_lattice, grunt_decor_one_mirror, minmay_misc_feat_iff,
          st_stairs_10, sigmund_edmund_badplayer
Temple:   corrupted_temple

Skill      XL: |  1  2  3  4  5  6  7  8 |
---------------+-------------------------+-----
Fighting       | 1 2 3 4 |  4.7
Dodging        | 3 4 5 |  5.3
Conjurations   | 2 3 4 5 |  5.2
Spellcasting   | 4 5 |  5.0
Air Magic      | 5 |  5.3
Stealth        | |  2.0

Action                   |  1- 3 |  4- 6 |  7- 9 || total
-------------------------+-------+-------+-------++-------
Melee: Unarmed           |     5 |       |       ||     5
       Short sword       |     6 |   107 |    27 ||   140
       Peck              |     3 |    11 |     6 ||    20
       Kick              |     1 |    23 |     5 ||    29
 Cast: Shock             |    34 |     6 |    62 ||   102
       Static Discharge  |       |     2 |     2 ||     4
       Airstrike         |       |       |    12 ||    12
 Abil: Fly               |       |     1 |     1 ||     2
  Use: Potion            |       |     1 |       ||     1
 Stab: Sleeping          |       |     6 |       ||     6
  Eat: Chunk             |     1 |     9 |     3 ||    13
       Ration            |       |       |     2 ||     2
Armor: Robe              |     2 |     9 |     4 ||    15
Dodge: Dodged            |     9 |    93 |    34 ||   136

Table legend:
 A = Spawn XP
 B = Non-spawn XP
 C = Spawn XP percentage of total XP
 D = Spawn monster count
 E = Non-spawn monster count
 F = Spawn count percentage of total count
 G = Total turns spent on level
                    A         B        C        D         E        F      G
               +---------+---------+-------+---------+---------+-------+---------
         Total |       0 |    1644 |   0.0 |       0 |      98 |   0.0 |  5860
               +---------+---------+-------+---------+---------+-------+---------
           D:1 |       0 |      36 |   0.0 |       0 |      23 |   0.0 |  1014
           D:2 |       0 |      88 |   0.0 |       0 |      13 |   0.0 |  1117
           D:3 |       0 |     259 |   0.0 |       0 |      25 |   0.0 |  1323
           D:4 |       0 |     348 |   0.0 |       0 |      18 |   0.0 |  1137
           D:5 |       0 |     913 |   0.0 |       0 |      19 |   0.0 |  1226
               +---------+---------+-------+---------+---------+-------+---------
